 Dungeon Crawl Stone Soup version 0.19-a0-1021-g80cc50c (webtiles) character file.

469 mistymad the Covert (level 6, -2/30 HPs)
             Began as a Spriggan Assassin on July 27, 2016.
             Shot with an arrow by a centaur (10 damage)
             ... on level 5 of the Dungeon.
             The game lasted 00:09:33 (3546 turns).

mistymad the Covert (Spriggan Assassin)             Turns: 3546, Time: 00:09:33

Health: -2/30      AC:  4    Str: 11    XL:     6   Next: 82%
Magic:  7/7        EV: 17    Int: 13    God:
Gold:   235        SH:  0    Dex: 19    Spells: 0 memorised, 5 levels left

rFire  . . .     SeeInvis +     b - +0 blowgun
rCold  . . .     Gourm    .     c - +0 robe
rNeg   . . .     Faith    .     (shield restricted)
rPois  .         Spirit   .     (helmet restricted)
rElec  .         Dismiss  .     d - +1 cloak
rCorr  .         Reflect  .     (gloves unavailable)
SustAt .         Harm     .     (boots unavailable)
MR     +....                    (no amulet)
Stlth  +++++.....               (no ring)
                                k - +4 ring of strength

@: very quick, somewhat resistant to hostile enchantments, quite stealthy
A: unfitting armour, see invisible, herbivore 3, speed 3, slow metabolism 2
a: no special abilities


You were on level 5 of the Dungeon.
You were hungry.

You visited 1 branch of the dungeon, and saw 5 of its levels.

You collected 235 gold pieces.

Inventory:

Hand Weapons
 b - a +0 blowgun (weapon)
 h - a +0 dagger of protection
 q - a +0 dagger of draining
Missiles
 e - 6 poisoned needles (quivered)
Armour
 c - a +0 robe (worn)
 d - a +1 cloak (worn)
 l - a +0 buckler
Jewellery
 k - a +4 ring of strength (left hand)
Scrolls
 o - 2 scrolls of identify
 v - a scroll of remove curse
Potions
 a - a potion of berserk rage
 f - a potion of curing
 i - a potion of degeneration {unknown}
 j - 2 potions of heal wounds
 m - a potion of lignification {unknown}
 p - a potion of might {unknown}
 r - a potion of flight {unknown}
 s - a potion of resistance {unknown}
Comestibles
 g - 3 bread rations
 n - 4 fruits
 t - a slice of pizza


   Skills:
 - Level 1.5 Fighting
 + Level 5.7 Short Blades
 - Level 2.0 Throwing
 - Level 1.5 Dodging
 + Level 10.0 Stealth


You had 5 spell levels left.
You didn't know any spells.

Dungeon Overview and Level Annotations

Branches:
Dungeon (5/15)
 Temple: D:4-7

Altars:
Nemelex Xobeh
Pakellas
Qazlal
Xom

Shops:
D:4 %


Innate Abilities, Weirdness & Mutations

You are tiny and cannot use many weapons and most armour.
You have supernaturally acute eyesight. (SInv)
You are a herbivore.
You cover ground extremely quickly.
You need consume almost no food.


Message History

Wield which item (- for none, * to show all)? (? for menu, Esc to quit)
You feel less protected.
b - a +0 blowgun (weapon)
Quiver which item? (- for none, * to show all) (? for menu, Esc to quit)
Quivering
u - 2 curare-tipped needles for blowguns.
Firing (i - inventory. (,) - cycle):
u - 2 curare-tipped needles (quivered)
Press: ? - help, Shift-Dir - straight line, f - centaur
Aim: a centaur, wielding a shortbow You shoot a curare-tipped needle.
The curare-tipped needle barely misses the centaur.
The centaur shoots an arrow.
The arrow closely misses you.
Firing (i - inventory. (,) - cycle):
u - a curare-tipped needle (quivered)
Press: ? - help, Shift-Dir - straight line, f/p - centaur
Aim: a centaur, wielding a shortbow You shoot a curare-tipped needle.
The curare-tipped needle hits the centaur.
The centaur is poisoned.
The centaur convulses.
The centaur seems to slow down.
The centaur is heavily wounded.
The centaur shoots an arrow.
The arrow hits you!
You die...

############
#...)....)..
#)####.##### #.#
### #..###..# ...
..# #...###.# #.#
#.##########.###.#
#.#
#.#......#§...§#.#
#.#
#.##.###.#.....#.#
#.# #.##@#
#...._....#
#######.###.##.#
#.#.....###
.......(.(...#.#
#.#§...§#
......#.###..c.#
#.###.###
.........c....>#
#.....#
#....#..####...#
####### #..# #..#
#.#.# #o #..#
#(#.# # ...# #.###


You could see a centaur.

Vanquished Creatures
  Eustachio (D:4)
  A howler monkey (D:4)
  A hound (D:4)
  An orc priest (D:3)
  Jessica (D:2)
  3 gnolls (D:5)
  7 adders
  An ooze (D:2)
  An adder skeleton (D:4)
  4 worms
  6 dart slugs (D:4)
  A giant gecko (D:5)
  6 orcs
  6 giant cockroaches
  4 goblins
  11 hobgoblins
  6 jackals
  A quokka (D:3)
  A ball python (D:3)
  7 bats
  5 giant newts
  4 kobolds
  6 rats
85 creatures vanquished.

Notes
Turn   | Place    | Note
-------+----------+-------------------------------------------
     0 | D:1      | mistymad the Spriggan Assassin began the quest for the Orb.
     0 | D:1      | Reached XP level 1. HP: 10/10 MP: 2/2
    44 | D:1      | Reached skill level 6 in Stealth
   120 | D:1      | You fall through a shaft!
   121 | D:2      | Noticed Jessica
   132 | D:2      | Killed Jessica
   132 | D:2      | Reached XP level 2. HP: 14/14 MP: 3/3
   132 | D:2      | Reached XP level 3. HP: 18/18 MP: 4/4
   173 | D:2      | Reached skill level 7 in Stealth
   186 | D:2      | Found a shimmering altar of Xom.
   402 | D:2      | Reached XP level 4. HP: 16/22 MP: 5/5
  1063 | D:2      | Found a sparkling altar of Nemelex Xobeh.
  1297 | D:3      | Found a faded altar of an unknown god.
  1300 | D:3      | Reached skill level 8 in Stealth
  1300 | D:3      | Reached XP level 5. HP: 25/25 MP: 6/6
  1725 | D:3      | Found an oddly glowing altar of Pakellas.
  2368 | D:4      | Reached skill level 9 in Stealth
  2412 | D:4      | Reached XP level 6. HP: 13/30 MP: 7/7
  2513 | D:4      | Noticed Eustachio
  2843 | D:4      | Killed Eustachio
  2843 | D:4      | Reached skill level 5 in Short Blades
  2999 | D:4      | Found Veg Ajam's Food Shop.
  3366 | D:5      | Entered Level 5 of the Dungeon
  3381 | D:5      | Found a stormy altar of Qazlal.
  3444 | D:5      | Reached skill level 10 in Stealth
  3546 | D:5      | Shot with an arrow by a centaur

Vault maps used:
D:1:      dpeg_arrival_arbitrary_c
D:2:      nemelex_xobeh_ov_fountains_minmay, xom_teletrap_fun, uniq_jessica
D:3:      ecumenical_altar_1, johnstein_pakellas_dig
D:4:      kennysheep_slugbush, serial_shops, kennysheep_mini, first_bread,
          uniq_eustachio
D:5:      grunt_temple_overflow_open, grunt_qazlal_clouds, lemuel_doored_altar,
          nicolae_ossuary_entry_catacombs

Skill      XL: |  1  2  3  4  5  6 |
---------------+-------------------+-----
Stealth        | 6 7 8 9 10 | 10.0
Short Blades   | 3 4 5 |  5.7
Fighting       | |  1.5
Throwing       | |  2.0
Dodging        | |  1.5

Action                   |  1- 3 |  4- 6 || total
-------------------------+-------+-------++-------
Melee: Dagger            |    88 |   390 ||   478
 Fire: Blowgun           |       |    29 ||    29
  Use: Scroll            |       |     6 ||     6
 Stab: Sleeping          |     8 |    24 ||    32
Armor: Robe              |    16 |    69 ||    85
Dodge: Dodged            |    59 |   218 ||   277
